 Dungeon Crawl Stone Soup version 0.30.0-18-gc0e69614cb (webtiles) character file.

Game seed: 11102109265796006187

91 cheesebisquit the Poker (level 4, 34/34 HPs)
             Began as a Merfolk Gladiator on May 23, 2023.
             Quit the game on level 2 of the Dungeon on May 24, 2023.
             The game lasted 00:12:16 (1528 turns).

cheesebisquit the Poker (Merfolk Gladiator)         Turns: 1528, Time: 00:12:17

Health: 34/34      AC:  6    Str: 16    XL:     4   Next: 57%
Magic:  4/4        EV: 13    Int:  7    God:
Gold:   97         SH:  0    Dex: 15    Spells: 3/3 levels left

rFire   . . .        a - +0 trident
rCold   + . .        (no shield)
rNeg    . . .        b - +0 leather armour
rPois   .            c - +0 helmet
rElec   .            (no cloak)
rCorr   .            (no gloves)
SInv    .            (no boots)
Will    .....        (no amulet)
Stlth   ++           (no ring)
HPRegen 1.05/turn    (no ring)
MPRegen 0.09/turn

%: no passive effects
@: no status effects
A: (nimble swimmer 2), mertail, iridescent scales 1, cold resistance 1,
regeneration 1
a: no special abilities


You were on level 2 of the Dungeon.
You visited 1 branch of the dungeon, and saw 2 of its levels.

You collected 97 gold pieces.

Inventory:

Hand Weapons
 a - a +0 trident (weapon)
Missiles
 j - a javelin (quivered)
 k - a throwing net
Armour
 b - a +0 leather armour (worn)
 c - a +0 helmet (worn)
Jewellery
 g - a ring of see invisible
Wands
 i - a wand of iceblast (13)
Scrolls
 d - 2 scrolls of noise {unknown}
 e - a scroll of teleportation {unknown}
 f - a scroll of fog {unknown}
Potions
 h - a potion of magic {unknown}


   Skills:
 + Level 2.6 Fighting
 + Level 5.3 Polearms
 - Level 2.0 Throwing
 + Level 4.8 Dodging
 + Level 2.2 Stealth


You had 3 spell levels left.
You didn't know any spells.
Your spell library was empty.

Dungeon Overview and Level Annotations

Branches:
Dungeon (2/15)

Altars:


Innate Abilities, Weirdness & Mutations

((You are very nimble when in or above water. (Stealth+, EV+, Speed+++)))
Your lower body shifts to a powerful aquatic tail in water.
You are partially covered in iridescent scales. (AC +2)
Your flesh is cold resistant. (rC+)
Your natural rate of healing is unusually fast.


Message History

You hit the gnoll but do no damage.
The gnoll is moderately wounded.
The gnoll hits you with a +0 flail.
You hit the gnoll.
The gnoll is heavily wounded.
The gnoll hits you with a +0 flail.
You closely miss the gnoll.
The gnoll is heavily wounded.
The gnoll barely misses you.
You hit the gnoll but do no damage.
The gnoll is heavily wounded.
The gnoll barely misses you.
You hit the gnoll.
The gnoll is severely wounded.
The gnoll misses you.
You hit the gnoll.
The gnoll is severely wounded.
The gnoll barely misses you.
You closely miss the gnoll.
The gnoll is severely wounded.
The gnoll closely misses you.
You barely miss the gnoll.
The gnoll is severely wounded.
The gnoll hits you with a +0 flail!
You closely miss the gnoll.
The gnoll is severely wounded.
The gnoll hits you with a +0 flail! x2
You hit the gnoll.
You kill the gnoll!
Things that are here:
a +0 flail; a gnoll corpse
Things that are here:
a +0 flail; a gnoll corpse You see here a +0 dagger.
Your legs become a tail as you enter the water.
Done exploring.
Done exploring.
Welcome back, cheesebisquit the Merfolk Gladiator.
Press ? for a list of commands and other information.
Are you sure you want to abandon this character and quit the game? (Confirm with "yes".)

#################################
.................................
########################.........
#≈#.....# #....##)## ##≈#.....#
#....#<.## ###≈≈#.....####
#....#..##
...≈≈~........##########....#..##
##~≈≈......##...@......#....#..##
#~.~~~.....###.........#....#..##
.~~≈≈~.....###.........####.#..##
~.~≈~..#####...........# #.#..##
.~.~≈..# #.########### #.#..##
.~~~~~~# #..8.......# #.#..##
.~~~..~# #.......8⌠.# #.#...#
~..~...# #########8.# #.#...#
~..~≈.~# ###.#..#####.#####


There were no monsters in sight!

Vanquished Creatures
  4 gnolls (D:2)
  A dart slug (D:1)
  2 bats
  5 endoplasms
  A giant cockroach (D:1)
  9 goblins
  3 hobgoblins
  6 jackals (D:1)
  A quokka (D:1)
  4 ball pythons
  3 frilled lizards (D:1)
  2 kobolds (D:1)
  5 rats (D:1)
46 creatures vanquished.

Notes
Turn   | Place    | Note
-------+----------+-------------------------------------------
     0 | D:1      | cheesebisquit the Merfolk Gladiator began the quest for the
                  | Orb.
     0 | D:1      | Reached XP level 1. HP: 16/16 MP: 1/1
   106 | D:1      | Reached XP level 2. HP: 22/22 MP: 2/2
   290 | D:1      | Reached skill level 1 in Stealth
   384 | D:1      | Reached XP level 3. HP: 27/27 MP: 3/3
   629 | D:1      | Reached skill level 5 in Polearms
   962 | D:2      | Gained mutation: You are partially covered in iridescent
                  | scales. (AC +2) [potion of mutation]
   962 | D:2      | Gained mutation: Your natural rate of healing is unusually
                  | fast. [potion of mutation]
   962 | D:2      | Gained mutation: Your flesh is cold resistant. (rC+)
                  | [potion of mutation]
   974 | D:2      | Identified a scroll of acquirement
   974 | D:2      | Acquired the +1 pair of gloves "Qienom" {rCorr SInv}
   992 | D:2      | Reached XP level 4. HP: 28/34 MP: 4/4
  1149 | D:2      | Found a faded altar of an unknown god.
  1528 | D:2      | Quit the game

Illustrated notes

Levels and vault maps discovered:
D:1:      evilmike_arrival_crescent, layout_loops_cross
D:2:      layout_basic, basic_ecumenical_altar, chequers_serial_rivers_small_3,
          chequers_decorated_corner

Skill      XL: |  1  2  3  4 |
---------------+-------------+-----
Stealth        | 1 2 |  2.2
Polearms       | 5 |  5.3
Fighting       | |  2.6
Throwing       | |  2.0
Dodging        | |  4.8

Action                     |  1- 3 |  4- 6 || total
---------------------------+-------+-------++-------
  Melee: Trident           |    96 |    35 ||   131
         Punch             |     1 |       ||     1
  Throw: Throwing net      |     4 |       ||     4
         Javelin           |     1 |       ||     1
    Use: Scroll            |     4 |       ||     4
         Potion            |     3 |       ||     3
   Stab: Sleeping          |     4 |     2 ||     6
 Armour: Leather armour    |    13 |     1 ||    14
  Dodge: Dodged            |    46 |    12 ||    58
